 Dungeon Crawl Stone Soup version 0.31.0-32-g396128a36d (webtiles) character file.

Game seed: 8188069170056562497

262617 imdaedric the Slayer (level 19, -4/189 HPs)
             Began as a Minotaur Fighter on Apr 7, 2024.
             Was the Champion of Okawaru.
             Killed from afar by a deep elf zephyrmancer (27 damage)
             ... with a bolt of lightning
             ... on level 2 of the Elven Halls.
             The game lasted 01:46:41 (37847 turns).

imdaedric the Slayer (Minotaur Fighter)            Turns: 37847, Time: 01:46:41

Health: -4/189     AC: 43    Str: 31    XL:     19   Next: 23%
Magic:  27/27      EV:  9    Int:  5    God:    Okawaru [******]
Gold:   1837       SH: 28    Dex: 12    Spells: 18/18 levels left

rFire   . . .        b - +5 broad axe "Tihuxiw" {vamp, +Blink Stlth+}
rCold   . . .        W - +3 tower shield {AC+3}
rNeg    . . .        o - +18 Lear's hauberk
rPois   +            (helmet currently unavailable)
rElec   .            w - +2 cloak
rCorr   .            (gloves currently unavailable)
SInv    +            (boots currently unavailable)
Will    ++...        O - amulet of reflection Stlth
                     N - ring of see invisible
HPRegen 0.51/turn    a - ring of Accord {rPois AC+4 Str+4}
MPRegen 0.20/turn

%: reflection
@: no status effects
A: horns 2, retaliatory headbutt, strong-willed 1, no potion heal 1
}: 2/15 runes: serpentine, barnacled
a: Renounce Religion, Evoke Blink, Heroism, Finesse, Duel


You were on level 2 of the Elven Halls.
You worshipped Okawaru.
Okawaru was exalted by your worship.
You visited 7 branches of the dungeon, and saw 33 of its levels.
You also visited: Gauntlet and Ice Cave.

You collected 4227 gold pieces.
You spent 2390 gold pieces at shops.

Inventory:

Hand Weapons
 b - the +5 broad axe "Tihuxiw" (weapon) {vamp, +Blink Stlth+}
   (Okawaru gifted it to you on level 3 of the Lair of Beasts)

   +Blink:    It lets you blink.
   Stlth+:    It makes you more stealthy.
 e - a +4 spectral broad axe
 J - a +7 antimagic morningstar
 V - the +3 trident of the Equator {heavy, +Blink}
   (You found it on level 5 of the Lair of Beasts)

   +Blink:    It lets you blink.
Missiles
 C - 6 throwing nets
 H - 61 poisoned darts (quivered)
Armour
 o - the +18 Lear's hauberk (worn)
   (Okawaru gifted it to you on level 3 of the Lair of Beasts)
 w - a +2 cloak (worn)
 z - +2 pearl dragon scales
 R - the +2 pair of boots of the Kettle-Drum {-Cast rElec rF+ Str+4}
   (You found it on level 4 of the Lair of Beasts)

   Str+4:     It affects your strength (+4).
   rF+:       It protects you from fire.
   rElec:     It insulates you from electricity.
   -Cast:     It prevents spellcasting.
 W - a +3 tower shield of protection (worn)
Jewellery
 a - the ring of Accord (right hand) {rPois AC+4 Str+4}
   (You acquired it on level 1 of the Shoals)

   [ring of protection]

   AC+4:      It affects your AC (+4).
   Str+4:     It affects your strength (+4).
   rPois:     It protects you from poison
 j - the amulet of Onolarim {RegenMP rC+ rCorr MP+9 Int+2 Dex+2}
   (You bought it in a shop on level 2 of the Orcish Mines)

   [amulet of magic regeneration]

   RegenMP:   It increases your rate of magic regeneration.
   Int+2:     It affects your intelligence (+2).
   Dex+2:     It affects your dexterity (+2).
   rC+:       It protects you from cold.
   MP+9:      It affects your magic capacity (+9).
   rCorr:     It protects you from acid and corrosion.
 k - a ring of flight
 l - a +6 ring of strength
 m - the amulet "Nigih" {Spirit rElec rPois Str-5 Stlth+}
   (You found it in an ice cave)

   [amulet of guardian spirit]

   Spirit:    It causes incoming damage to be divided between your reserves of
   health and magic.
   Str-5:     It affects your strength (-5).
   rElec:     It insulates you from electricity.
   rPois:     It protects you from poison Stlth+: It makes you more stealthy.
 s - a ring of positive energy
 u - a ring of positive energy
 G - a +6 ring of intelligence
 N - a ring of see invisible (left hand)
 O - an amulet of reflection (around neck)
 Q - a ring of resist corrosion
Wands
 q - a wand of paralysis (6)
 v - a wand of mindburst (8)
 y - a wand of polymorph (3)
 I - a wand of digging (4)
Scrolls
 c - 23 scrolls of identify
 d - 2 scrolls of amnesia
 f - 10 scrolls of fog
 r - 6 scrolls of poison
 B - 2 scrolls of silence
 D - 8 scrolls of teleportation
 S - 4 scrolls of fear
 Y - 2 scrolls of revelation
Potions
 g - a potion of invisibility
 h - 2 potions of might
 n - 2 potions of cancellation
 p - 3 potions of brilliance
 t - 11 potions of curing
 x - 3 potions of enlightenment
 A - 5 potions of resistance
 P - 3 potions of lignification
 T - 3 potions of haste
 U - 2 potions of magic
Miscellaneous
 i - a phial of floods
 K - a tin of tremorstones (2/2)
 Z - a lightning rod (4/4)


   Skills:
 + Level 21.3 Fighting
 - Level 18.7 Axes
 + Level 18.9 Armour
 + Level 19.4 Shields
 - Level 12.1 Invocations
 + Level 8.8 Evocations


You had 18 spell levels left.
You didn't know any spells.
Your spell library contained the following spells:

 Spells                   Type           Power      Damage    Failure   Level
 Foxfire                  Conj/Fire      0%         2x1d4     89%         1
 Necrotise                Necr           0%         1d4       89%         1
 Sting                    Conj/Alch      0%         1d3       89%         1
 Lesser Beckoning         Tloc           0%         N/A       96%         2
 Mercury Vapours          Alch/Air       0%         N/A       96%         2
 Sublimation of Blood     Necr           0%         N/A       96%         2
 Frozen Ramparts          Ice            0%         1d1       99%         3
 Fugue of the Fallen      Necr           0%         N/A       99%         3
 Gell's Gravitas          Tloc           0%         N/A       99%         3
 Hailstorm                Conj/Ice       0%         3d5       99%         3
 Inner Flame              Hex/Fire       0%         N/A       99%         3
 Mephitic Cloud           Conj/Alch/Air  0%         N/A       99%         3
 Ozocubu's Armour         Ice            0%         N/A       99%         3
 Teleport Other           Tloc           0%         N/A       99%         3
 Vampiric Draining        Necr           0%         2d6       99%         3
 Volatile Blastmotes      Fire/Tloc      0%         2d10      99%         3
 Brom's Barrelling Bould  Conj/Erth      0%         2d3       100%        4
 Fulminant Prism          Conj/Alch      0%         3d5       100%        4
 Iskenderun's Mystic Bla  Conj/Tloc      0%         2d3       100%        4
 Leda's Liquefaction      Alch/Erth      0%         N/A       100%        4
 Manifold Assault         Tloc           0%         N/A       100%        4
 Olgreb's Toxic Radiance  Alch           0%         N/A       100%        4
 Passage of Golubria      Tloc           0%         N/A       100%        4
 Alistair's Intoxication  Alch           0%         N/A       100%        5
 Borgnjor's Vile Clutch   Necr/Erth      0%         N/A       100%        5
 Curse of Agony           Necr           0%         N/A       100%        5
 Fireball                 Conj/Fire      0%         3d3       100%        5
 Freezing Cloud           Conj/Ice/Air   0%         6-21      100%        5
 Irradiate                Conj/Alch      0%         3d11      100%        5
 Iskenderun's Battlesphe  Conj           0%         2d6       100%        5
 Lee's Rapid Deconstruct  Erth           0%         3d4*      100%        5
 Yara's Violent Unravell  Hex/Alch       0%         3d3       100%        5
 Bombard                  Conj/Erth      0%         9d1       100%        6
 Conjure Ball Lightning   Conj/Air       0%         3x3d6     100%        6
 Dispersal                Tloc           0%         N/A       100%        6
 Eringya's Noxious Bog    Alch           0%         4d6       100%        6
 Plasma Beam              Fire/Air       0%         2x1d10    100%        6
 Starburst                Conj/Fire      0%         6d3       100%        6
 Orb of Destruction       Conj           0%         9d5       100%        7
 Ozocubu's Refrigeration  Ice            0%         4d7       100%        7
 Disjunction              Tloc           0%         N/A       100%        8
 Ignition                 Fire           0%         3d3       100%        8
 Summon Small Mammal      Summ           Unusable   N/A       N/A         1
 Call Imp                 Summ           Unusable   N/A       N/A         2
 Call Canine Familiar     Summ           Unusable   N/A       N/A         3
 Summon Ice Beast         Ice/Summ       Unusable   N/A       N/A         3
 Tukima's Dance           Hex            Unusable   N/A       N/A         3
 Animate Dead             Necr           Unusable   N/A       N/A         4
 Martyr's Knell           Necr/Summ      Unusable   N/A       N/A         4
 Summon Blazeheart Golem  Fire/Summ      Unusable   N/A       N/A         4
 Sculpt Simulacrum        Ice/Alch       Unusable   N/A       N/A         6
 Summon Hydra             Summ           Unusable   N/A       N/A         7

Dungeon Overview and Level Annotations

Branches:
Dungeon (15/15)            Temple (1/1) D:7            Lair (5/5) D:9
 Shoals (4/4) Lair:2        Snake (4/4) Lair:3        Slime (0/5) Lair:4
    Orc (2/2) D:10            Elf (2/3) Orc:2        Vaults (0/5) D:14
 Depths (0/4) D:15          IceCv (visited)         Gauntlet (visited)

Altars:
Ashenzari
Cheibriados
Dithmenos
Elyvilon
Fedhas
Gozag
Hepliaklqana
Kikubaaqudgha
Makhleb
Nemelex Xobeh
Okawaru
Qazlal
Ru
Sif Muna
Trog
Uskayaw
Vehumet
Wu Jian
Xom
Yredelemnul
Zin
The Shining One
Jiyva

Shops:
D:4 [   D:7 :   Orc:1 =   Orc:2 !*[=   Elf:1 !   Shoals:1 ?   Shoals:3 [
Snake:1 :   Snake:4 ?=:=

Annotations:
D:3 2 transporters, PaiMei's ghost, weakling DsNe
D:10 3 runed translucent doors, Cheops's ghost, novice MiFi
D:11 2 transporters, Morkon's ghost, journeyman TrSh
Elf:2 Agnes


Innate Abilities, Weirdness & Mutations

You have a pair of horns on your head.
You reflexively headbutt those who attack you in melee.
You are strong-willed. (Will+)
Potions are less effective at restoring your health.


Message History

Your surroundings suddenly seem different.
A +2 glaive of pain, a deep elf zephyrmancer, a deep elf blademaster and a deep elf knight come into view.
You feel sick.
You are no longer poisoned.
The deep elf knight unwields a +0 long sword.
The deep elf knight wields a +0 shortbow.
The deep elf knight shoots an arrow.
You block the arrow with an invisible shield... and reflect it back!
The arrow hits the deep elf knight!
A +0 flail of protection comes into view.
As you read the scroll of fear, it crumbles to dust.
You assume a fearsome visage.
The +2 glaive of pain is unaffected.
The deep elf zephyrmancer looks frightened!
The +7 heavy war axe is unaffected.
The +0 flail of protection is unaffected.
The deep elf blademaster looks frightened!
The deep elf knight looks frightened!
The +2 glaive of pain hits you but does no damage.
The deep elf zephyrmancer casts a spell.
The deep elf zephyrmancer blinks!
The deep elf blademaster wails, "Help!"
You block the +2 glaive of pain's attack.
The deep elf knight casts a spell.
The deep elf knight flickers and vanishes for a moment.
As you read the scroll of teleportation, it crumbles to dust.
You feel strangely unstable.
The deep elf blademaster mutters, "Of all the rotten luck!"
The deep elf zephyrmancer prays for help.
The deep elf zephyrmancer mumbles some strange words.
The deep elf zephyrmancer blinks!
The +2 glaive of pain hits you but does no damage.
The +2 glaive of pain hits you but does no damage.
You block the +2 glaive of pain's attack.
You block the +0 flail of protection's attack. x2
The +2 glaive of pain hits you from afar!
* * * LOW HITPOINT WARNING * * *
Your surroundings suddenly seem different.
The deep elf zephyrmancer points at you and mumbles some strange words.
The bolt of lightning hits you!!
You die...

####### #####
##.....###.....
#.....#...#....
#....#.@...#...
#...#.......#..
#..#.....e...#.
#.#..e........#
##............. ###
#............. #.##
#.#...........#..#......
...#
#..#.........#....#.....
...###
#...#.......#......#....


You could see 2 deep elf zephyrmancers.

Vanquished Creatures
  Vashnia (Arena)
  Jorgrun (Shoals:1)
  4 azure jellies
  5 nagarajas
  A deep elf sorcerer (Elf:2)
  A rockslime (IceCv)
  3 quicksilver oozes (IceCv)
  A deep elf death mage (Shoals:2)
  A minotaur (Gauntlet)
  A dire elephant (Lair:5)
  5 merfolk impalers
  2 merfolk javelineers
  Fannar (Lair:1)
  2 hydras
  5 salamander tyrants (Snake:4)
  3 merfolk avatars
  An alligator snapping turtle (Shoals:4)
  2 catoblepae
  19 anacondas
  2 boulder beetles
  7 two-headed ogres
  17 dancing weapons
  4 merfolk aquamancers (Shoals:4)
  16 naga warriors
  3 satyrs (Shoals:4)
  7 centaur warriors
  An orc high priest (Orc:1)
  2 tengu warriors (D:13)
  11 death yaks
  A vampire mage (D:15)
  Nergalle (Lair:1)
  6 shock serpents (Snake:2)
  10 naga sharpshooters
  A storm dragon zombie (D:15)
  14 deep elf knights
  2 skeletal warriors (D:15)
  12 skysharks
  A fire crab (Gauntlet)
  14 sea snakes
  3 salamander mystics
  Amaemon (Lair:3)
  A spark wasp zombie (D:15)
  10 mana vipers
  11 deep elf archers
  7 naga ritualists
  2 orange crystal statues (IceCv)
  13 deep elf zephyrmancers
  8 harpies
  A necromancer (D:15)
  Pikel (D:8)
  A faun (Shoals:3)
  3 orc knights
  27 deep elf pyromancers
  4 oklob plants
  18 manticores
  An orc sorcerer (Orc:2)
  5 ugly things
  4 cyclopes
  18 salamanders
  A salamander (shapeshifter) (D:15)
  8 guardian serpents
  9 elephants
  44 black mambas
  4 kobold blastminers (Orc:2)
  5 merfolk sirens
  7 water nymphs
  18 naga magi
  2 guardian serpents (shapeshifter)
  2 gargoyles
  An orange demon (Lair:3)
  2 torpor snails (Lair:4)
  16 cane toads
  2 unseen horrors (D:12)
  Joseph (D:8)
  Maggie (D:7)
  5 kobold demonologists
  5 rime drakes
  An unseen horror (shapeshifter) (Elf:2)
  10 komodo dragons
  A rime drake (shapeshifter) (Elf:1)
  2 efreet
  4 freezing wraiths
  2 tengu conjurers (D:13)
  6 trolls
  10 polar bears
  A wolf spider simulacrum (Gauntlet)
  6 wind drakes
  28 merfolk
  16 blink frogs
  4 hornets
  12 snapping turtles
  Sigmund (D:6)
  15 dream sheep
  38 slime creatures
  A spriggan skeleton (D:15)
  3 air elementals (Elf:1)
  2 shadows (D:11)
  3 centaur simulacra (Gauntlet)
  6 water elementals
  16 humans
  A vampire (D:9)
  4 wraiths
  8 wyverns
  A fire elemental (Elf:2)
  A warg (Orc:2)
  7 basilisks
  32 yaks
  6 fire bats (Gauntlet)
  A basilisk (shapeshifter) (Elf:1)
  4 steam dragons
  Menkaure (D:7)
  16 vampire mosquitoes
  36 nagas
  A harpy simulacrum (Gauntlet)
  5 acid dragons
  7 great orb of eyes simulacra (IceCv)
  A hell hound (Gauntlet)
  12 water moccasins
  38 orc warriors
  A sky beast (D:6)
  3 black bears
  4 ice beasts
  5 ogres
  5 boggarts (D:15)
  15 centaurs
  3 slime creature simulacra (IceCv)
  A phantom (D:7)
  10 kobold brigands
  4 lemures (D:8)
  2 gnoll sergeants
  24 bullfrogs
  4 earth elementals
  A scorpion (D:4)
  9 wights
  6 killer bees
  4 howler monkeys
  3 electric eels
  A bombardier beetle (D:5)
  2 hounds
  15 orc priests
  A jelly (D:6)
  Crazy Yiuf (D:7)
  A gnoll bouda (D:10)
  4 iguanas
  20 orc wizards
  12 gnolls
  8 adders
  A white imp (D:7)
  2 ufetubi (D:5)
  2 dart slugs (D:2)
  74 orcs
  9 bats
  12 endoplasms
  A giant cockroach (D:1)
  5 hobgoblins
  5 jackals
  8 quokkas
  10 ball pythons
  6 frilled lizards
  3 frilled lizard zombies (D:4)
  10 goblins
  20 kobolds
  6 rats
1176 creatures vanquished.

Vanquished Creatures (others)
  A merfolk avatar (Shoals:4)
  A dancing weapon (Elf:1)
  A deep elf zephyrmancer (Elf:2)
  A slime creature (IceCv)
  A water elemental (Elf:2)
  A naga (Snake:1)
  An orc priest (Orc:2)
  An orc (Orc:2)
8 creatures vanquished.

Grand Total: 1184 creatures vanquished

Notes
Turn   | Place    | Note
-------+----------+-------------------------------------------
     0 | D:1      | imdaedric the Minotaur Fighter began the quest for the Orb.
     0 | D:1      | Reached XP level 1. HP: 19/19 MP: 0/0
   136 | D:1      | Reached XP level 2. HP: 27/27 MP: 1/1
   285 | D:1      | Reached skill level 4 in Fighting
   398 | D:1      | Reached XP level 3. HP: 33/33 MP: 2/2
   664 | D:2      | Found a snail-covered altar of Cheibriados.
   850 | D:2      | Reached XP level 4. HP: 41/41 MP: 3/3
  1366 | D:3      | Found a shadowy altar of Dithmenos.
  1490 | D:3      | Found a transporter.
  1491 | D:3      | Noticed a small abomination
  1522 | D:3      | HP: 1/41 [gnoll/+0 spear (2)]
  1525 | D:3      | Reached XP level 5. HP: 2/47 MP: 4/4
  1701 | D:3      | Found a glowing silver altar of Zin.
  1701 | D:3      | Found an opulent altar of Gozag.
  1778 | D:3      | Noticed a small abomination
  1786 | D:3      | Found a transporter.
  1871 | D:3      | Noticed a toenail golem
  2029 | D:3      | Noticed PaiMei's ghost (weakling DsNe)
  2094 | D:4      | Found Wunecuj's Armour Shoppe.
  2144 | D:4      | Reached skill level 5 in Fighting
  2273 | D:4      | Reached skill level 5 in Shields
  2531 | D:4      | Reached skill level 5 in Armour
  2531 | D:4      | Reached XP level 6. HP: 49/56 MP: 5/5
  2655 | D:4      | Noticed an ice beast
  2663 | D:4      | Killed an ice beast
  2755 | D:4      | Found a hazy altar of Hepliaklqana.
  2811 | D:4      | Found an ancient bone altar of Kikubaaqudgha.
  3161 | D:5      | Entered Level 5 of the Dungeon
  3383 | D:5      | Reached skill level 5 in Axes
  3383 | D:5      | Reached XP level 7. HP: 51/62 MP: 4/6
  4067 | D:6      | Identified the +0 leather armour "Vaneng" {rElec rF- Dex+3
                  | Slay+5}
  4170 | D:6      | Reached skill level 6 in Fighting
  4223 | D:6      | Identified the serpent talisman "Koehug" {rElec Dex+2
                  | Stlth+}
  4845 | D:6      | Reached XP level 8. HP: 70/71 MP: 5/7
  4927 | D:6      | Noticed Sigmund
  5278 | D:6      | Found a shimmering altar of Xom.
  5559 | D:7      | Found a staircase to the Ecumenical Temple.
  5570 | D:7      | Reached skill level 7 in Fighting
  5576 | Temple   | Entered the Ecumenical Temple
  5625 | Temple   | Became a worshipper of Warmaster Okawaru
  5694 | D:7      | Found Beurodu's Book Boutique.
  5705 | D:7      | Noticed Menkaure
  5714 | D:7      | Killed Menkaure
  5808 | D:7      | Noticed Maggie
  5817 | D:7      | Killed Maggie
  5817 | D:7      | Reached * piety under Okawaru
  5915 | D:7      | Reached skill level 8 in Fighting
  5935 | D:7      | Reached XP level 9. HP: 74/81 MP: 8/8
  5974 | D:7      | Reached ** piety under Okawaru
  6367 | D:7      | Found a shimmering blue altar of Sif Muna.
  6368 | D:7      | Found an ornate altar of the Wu Jian Council.
  6369 | D:7      | Found a radiant altar of Vehumet.
  6747 | D:7      | Found a runed translucent door.
  6748 | D:7      | Noticed Crazy Yiuf
  6911 | D:7      | Killed Crazy Yiuf
  7139 | D:8      | Reached skill level 9 in Fighting
  7142 | D:8      | Noticed Joseph
  7143 | D:8      | Reached *** piety under Okawaru
  7612 | D:8      | Reached XP level 10. HP: 91/91 MP: 9/9
  7724 | D:8      | Killed Joseph
  7792 | D:8      | Found a snail-covered altar of Cheibriados.
  7833 | D:8      | Noticed Pikel
  7849 | D:8      | Killed Pikel
  8165 | D:6      | Killed Sigmund
  8165 | D:6      | Reached **** piety under Okawaru
  8213 | D:9      | Reached skill level 10 in Fighting
  8226 | D:9      | Reached skill level 10 in Shields
  8318 | D:9      | Reached skill level 10 in Armour
  8461 | D:9      | Noticed a two-headed ogre
  8461 | D:9      | Noticed a deep elf pyromancer
  8461 | D:9      | a troll changed into a harpy
  8461 | D:9      | Noticed a harpy (shapeshifter)
  8461 | D:9      | Noticed a manticore
  8508 | D:9      | Noticed a centaur warrior
  8672 | D:8      | Reached skill level 10 in Axes
  8844 | D:9      | Killed a centaur warrior
  8844 | D:9      | Reached ***** piety under Okawaru
  8901 | D:9      | Found a staircase to the Lair.
  8906 | D:9      | Killed a deep elf pyromancer
  8944 | D:9      | Killed a two-headed ogre
  8945 | D:9      | Reached XP level 11. HP: 89/101 MP: 7/10
  9054 | D:9      | Reached skill level 11 in Fighting
  9193 | D:9      | Noticed a deep elf pyromancer
  9197 | D:9      | Noticed a two-headed ogre
  9207 | D:9      | Killed a deep elf pyromancer
  9210 | D:9      | Killed a two-headed ogre
  9537 | D:10     | Entered Level 10 of the Dungeon
  9587 | D:10     | Found a runed translucent gate.
  9587 | D:10     | Found a runed translucent gate.
  9587 | D:10     | Found a runed translucent gate.
  9589 | D:10     | Found an opulent altar of Gozag.
  9589 | D:10     | Noticed a boulder beetle
  9592 | D:10     | Noticed a cyan ugly thing
  9593 | D:10     | Noticed Cheops's ghost (novice MiFi)
  9594 | D:10     | Noticed a two-headed ogre
  9606 | D:10     | Found a sparkling altar of Nemelex Xobeh.
  9726 | D:10     | Noticed a two-headed ogre
  9734 | D:10     | Killed a two-headed ogre
 10508 | D:10     | Found a staircase to the Orcish Mines.
 10757 | Lair:1   | Entered Level 1 of the Lair of Beasts
 10768 | Lair:1   | Noticed an oklob plant
 10793 | Lair:1   | Received a gift from Okawaru
 10907 | Lair:1   | Reached skill level 12 in Fighting
 10979 | Lair:1   | Noticed Nergalle
 11001 | Lair:1   | Killed Nergalle
 11202 | Lair:1   | Reached XP level 12. HP: 113/113 MP: 11/11
 11507 | Lair:1   | Noticed Fannar
 11520 | Lair:1   | Killed Fannar
 12571 | Lair:1   | Received a gift from Okawaru
 12947 | Lair:2   | Reached skill level 13 in Fighting
 13153 | Lair:2   | Found a staircase to the Shoals.
 13493 | Lair:3   | Received a gift from Okawaru
 13502 | Lair:3   | Noticed Amaemon
 14256 | Lair:3   | You fall into a shaft and drop 2 floors!
 14256 | Lair:5   | Entered Level 5 of the Lair of Beasts
 14257 | Lair:5   | Noticed a death yak
 14257 | Lair:5   | Noticed a death yak
 14258 | Lair:5   | Noticed a death yak
 14262 | Lair:5   | Found an ornate altar of the Wu Jian Council.
 14262 | Lair:5   | Found a hide-covered altar of Uskayaw.
 14262 | Lair:5   | Noticed a boulder beetle
 14275 | Lair:5   | Killed a boulder beetle
 14306 | Lair:5   | Received a gift from Okawaru
 14306 | Lair:5   | Reached ****** piety under Okawaru
 14318 | Lair:4   | Reached XP level 13. HP: 102/123 MP: 12/12
 14622 | Lair:3   | Found a staircase to the Snake Pit.
 14733 | Lair:3   | Killed Amaemon
 14738 | Lair:3   | Reached skill level 14 in Fighting
 15339 | Lair:3   | Acquired the +5 broad axe "Tihuxiw" {vamp, +Blink Stlth+}
 15339 | Lair:3   | Received a gift from Okawaru
 15341 | Lair:3   | Acquired the +18 Lear's hauberk
 15341 | Lair:3   | Received a gift from Okawaru
 15341 | Lair:3   | Found the +18 Lear's hauberk
 15370 | Lair:4   | Received a gift from Okawaru
 15438 | Lair:4   | Reached skill level 1 in Invocations
 15829 | Lair:4   | Found a viscous altar of Jiyva.
 16081 | Lair:4   | Received a gift from Okawaru
 16157 | Lair:4   | Identified the +2 pair of boots of the Kettle-Drum {-Cast
                  | rElec rF+ Str+4}
 16631 | Lair:4   | Found a staircase to the Slime Pits.
 16709 | Lair:4   | Received a gift from Okawaru
 16750 | Lair:5   | Reached XP level 14. HP: 133/133 MP: 15/15
 16763 | Lair:5   | Reached skill level 15 in Fighting
 16764 | Lair:5   | Reached skill level 15 in Armour
 16764 | Lair:5   | Reached skill level 15 in Shields
 16780 | Lair:5   | Reached skill level 15 in Axes
 16794 | Lair:5   | Received a gift from Okawaru
 16798 | Lair:5   | Reached skill level 5 in Invocations
 16981 | Lair:5   | Identified the +3 trident of the Equator {heavy, +Blink}
 17740 | D:11     | Found a shimmering blue altar of Sif Muna.
 17937 | D:11     | Received a gift from Okawaru
 17940 | D:11     | Identified the +2 ring mail of Perfidy {rC++ Int-2 Stlth+}
 17945 | D:11     | Found a transporter.
 17952 | D:11     | Noticed Morkon's ghost (journeyman TrSh)
 17957 | D:11     | Found a transporter.
 19089 | D:13     | Reached skill level 16 in Fighting
 19132 | D:13     | Reached skill level 1 in Evocations
 19171 | D:13     | Reached XP level 15. HP: 144/144 MP: 18/18
 19186 | D:13     | Received a gift from Okawaru
 19627 | D:13     | Identified the +0 ring mail "Lorcheass" {rElec Will- Regen+
                  | Dex+9}
 20108 | Orc:1    | Entered Level 1 of the Orcish Mines
 20280 | Orc:1    | Received a gift from Okawaru
 20332 | Orc:1    | Found Cowaxo's Jewellery Shoppe.
 20445 | Orc:2    | Entered Level 2 of the Orcish Mines
 20445 | Orc:2    | Found a staircase to the Elven Halls.
 20669 | Orc:2    | Found Robloes's Armour Shop.
 20669 | Orc:2    | Found Danty's General Store.
 20671 | Orc:2    | Found Hopli's Distillery.
 20673 | Orc:2    | Found Novex's Jewellery Boutique.
 20756 | Orc:2    | Found a gate leading to a gauntlet.
 20789 | Gauntlet | Entered a Gauntlet
 20789 | Gauntlet | Found a transporter.
 20789 | Gauntlet | Found a transporter.
 20789 | Gauntlet | Found a transporter.
 20789 | Gauntlet | Found a transporter.
 20811 | Gauntlet | Found a transporter.
 20821 | Gauntlet | Found a transporter.
 20830 | Gauntlet | Found a transporter.
 20836 | Gauntlet | Found a transporter.
 20844 | Gauntlet | Found a transporter.
 20862 | Gauntlet | Found a transporter.
 20870 | Gauntlet | Found a transporter.
 20887 | Gauntlet | Found a transporter.
 21225 | Gauntlet | Identified the +1 pair of gloves of Spite {*Corrode Int+4}
 21673 | Orc:2    | Bought a scroll of enchant weapon for 90 gold pieces
 21690 | Orc:2    | Bought a potion of curing for 33 gold pieces
 21690 | Orc:2    | Bought a potion of resistance for 110 gold pieces
 21690 | Orc:2    | Bought a potion of curing for 33 gold pieces
 21690 | Orc:2    | Bought a potion of curing for 33 gold pieces
 21690 | Orc:2    | Bought a potion of might for 44 gold pieces
 21690 | Orc:2    | Bought a potion of might for 44 gold pieces
 21695 | Orc:2    | Bought the amulet of Onolarim {RegenMP rC+ rCorr MP+9 Int+2
                  | Dex+2} for 1153 gold pieces
 22450 | D:14     | Found a gate to the Vaults.
 22528 | D:14     | Received a gift from Okawaru
 23046 | D:15     | Entered Level 15 of the Dungeon
 23055 | D:15     | Reached skill level 17 in Fighting
 23187 | D:15     | Found a staircase to the Depths.
 23313 | D:15     | Reached skill level 5 in Evocations
 24071 | Shoals:1 | Entered Level 1 of the Shoals
 24388 | Shoals:1 | Noticed Jorgrun
 24401 | Shoals:1 | Received a gift from Okawaru
 24426 | Shoals:1 | Killed Jorgrun
 24427 | Shoals:1 | Reached XP level 16. HP: 83/155 MP: 21/21
 24587 | Shoals:1 | Identified a scroll of acquirement
 24646 | Shoals:1 | Found Ophiemnuy's Magic Scroll Shoppe.
 24647 | Shoals:1 | Acquired the ring of Accord {rPois AC+4 Str+4}
 24735 | Shoals:1 | Bought 2 scrolls of teleportation for 72 gold pieces
 24735 | Shoals:1 | Bought a scroll of teleportation for 36 gold pieces
 24735 | Shoals:1 | Bought a scroll of fear for 48 gold pieces
 24735 | Shoals:1 | Bought 2 scrolls of teleportation for 72 gold pieces
 25785 | Shoals:2 | Received a gift from Okawaru
 26218 | Shoals:3 | Found Imesiu's Armour Shoppe.
 26233 | Shoals:3 | Bought a +0 tower shield for 67 gold pieces
 26813 | Shoals:3 | Identified the +5 scale mail "Ackekhlis" {rN+ Int+2 Slay-5}
 26977 | Shoals:4 | Entered Level 4 of the Shoals
 27008 | Shoals:4 | Reached skill level 18 in Fighting
 27183 | Shoals:4 | Reached skill level 10 in Invocations
 27767 | Shoals:4 | HP: 2/157 [merfolk javelineer/silver javelin (7)]
 28336 | Shoals:4 | Got a barnacled rune of Zot
 28432 | Shoals:4 | Received a gift from Okawaru
 28450 | Shoals:4 | Got the Volume of Maleficent Magic and Transmogrification
 29025 | Snake:1  | Entered Level 1 of the Snake Pit
 29036 | Snake:1  | Reached XP level 17. HP: 160/166 MP: 24/24
 29196 | Snake:1  | Found Saeci's Book Emporium.
 29462 | Snake:1  | Received a gift from Okawaru
 30312 | Snake:2  | Reached skill level 19 in Fighting
 30451 | Snake:2  | Noticed Vashnia
 30468 | Arena    | Entered the Arena
 30478 | Arena    | Killed Vashnia
 30661 | Snake:2  | Received a gift from Okawaru
 31539 | Snake:3  | Received a gift from Okawaru
 33098 | Snake:3  | Gained mutation: You sometimes lose your temper in combat.
                  | [potion of mutation]
 33098 | Snake:3  | Gained mutation: You have hidden genetic defects. [potion
                  | of mutation]
 33099 | Snake:3  | Lost mutation: You have hidden genetic defects. [potion of
                  | mutation]
 33099 | Snake:3  | Lost mutation: You sometimes lose your temper in combat.
                  | [potion of mutation]
 33099 | Snake:3  | Gained mutation: You are strong-willed. (Will+) [potion of
                  | mutation]
 33099 | Snake:3  | Gained mutation: Potions are less effective at restoring
                  | your health. [potion of mutation]
 33115 | Snake:4  | Entered Level 4 of the Snake Pit
 33128 | Snake:4  | Received a gift from Okawaru
 33129 | Snake:4  | Reached XP level 18. HP: 176/176 MP: 26/26
 33292 | Snake:4  | Received a gift from Okawaru
 33349 | Snake:4  | Reached skill level 20 in Fighting
 33362 | Snake:4  | Got a serpentine rune of Zot
 33680 | Snake:4  | Found Soeczexu's Magic Scroll Shop.
 33686 | Snake:4  | Bought a scroll of fear for 72 gold pieces
 33686 | Snake:4  | Bought a scroll of enchant armour for 135 gold pieces
 33686 | Snake:4  | Bought a scroll of revelation for 135 gold pieces
 33686 | Snake:4  | Bought a scroll of enchant weapon for 135 gold pieces
 33778 | Snake:4  | Found Zusmearch's Jewellery Emporium.
 33778 | Snake:4  | Found Keomn's Book Shop.
 33779 | Snake:4  | Found Vojymyoz's Jewellery Emporium.
 34143 | Snake:4  | Acquired 752 gold pieces
 34193 | Snake:4  | Received a gift from Okawaru
 34561 | Elf:1    | Entered Level 1 of the Elven Halls
 34654 | Elf:1    | Found a glacial archway.
 34692 | IceCv    | Entered an ice cave
 35403 | IceCv    | Found a viscous altar of Jiyva.
 35444 | IceCv    | Got Nedoes's Reference Book on Hail
 35451 | IceCv    | Identified the amulet "Nigih" {Spirit rElec rPois Str-5
                  | Stlth+}
 35453 | IceCv    | Identified the +9 ring mail "Ochyhama" {*Corrode rPois rF+
                  | Regen+ Dex+6}
 35456 | IceCv    | Got the Vellum of Cold
 35807 | Elf:1    | Paralysed by an air elemental for 1 turns
 35867 | Elf:1    | Received a gift from Okawaru
 36082 | Elf:1    | Paralysed by an air elemental for 1 turns
 36087 | Elf:1    | Paralysed by an air elemental for 1 turns
 36359 | Elf:1    | Reached skill level 21 in Fighting
 36364 | Elf:1    | Received a gift from Okawaru
 36466 | Elf:1    | Found Porph's Distillery.
 36470 | Elf:1    | Bought a potion of curing for 39 gold pieces
 36470 | Elf:1    | Bought a potion of curing for 39 gold pieces
 36675 | Elf:1    | Reached XP level 19. HP: 189/189 MP: 27/27
 37571 | Elf:2    | Found an ancient bone altar of Kikubaaqudgha.
 37612 | Elf:2    | Received a gift from Okawaru
 37621 | Elf:2    | Found a runed translucent gate.
 37623 | Elf:2    | Found a runed translucent gate.
 37628 | Elf:2    | Found a runed translucent gate.
 37828 | Elf:2    | Noticed Agnes
 37847 | Elf:2    | Killed from afar by a deep elf zephyrmancer

Illustrated notes

Levels and vault maps discovered:
D:1:      spicycebolla_arrival_ecumenical, layout_basic
D:2:      layout_basic, basic_altar, minmay_misc_feat_diagonals
D:3:      layout_loops_cross, grunt_temple_overflow_gold_and_silver,
          mainiacjoe_overflow_concentric_impassable,
          gammafunk_ghost_abyssal_escape, hangedman_abyss_or_decor_stabs
D:4:      layout_basic, kennysheep_mini, lemuel_zombie_altar_kikubaaqudgha,
          serial_shops, nicolae_shop_tiny_waterfront
D:5:      layout_basic
D:6:      layout_gridville, nicolae_overflow_crystal_walls, dk_vineyard_2,
          hangedman_decor_slide_cut, uniq_sigmund
D:7:      layout_cave_pods, chequers_temple_overflow_statue_of_worship,
          minmay_temple_entry_mini_moons, serial_shops, nicolae_shop_crystal,
          chequers_mini_garden, uniq_maggie, uniq_crazy_yiuf_cottage,
          uniq_menkaure
D:8:      layout_cave_pools, kennysheep_mini_moat, grunt_decor_clamped,
          minmay_increasing_density, uniq_pikel, uniq_joseph
D:9:      minmay_the_grid_triangle_9x9_rhombus_thin_mashed
          [minmay_the_grid_triangle_9x9_stretched_checkered,
          minmay_the_grid_triangle_9x9_prize_center,
          minmay_the_grid_triangle_9x9_swiss_cheese,
          minmay_the_grid_triangle_9x9_negative_grid], layout_cave_pools,
          david_lair_generic
D:10:     layout_loops_ring, mainiacjoe_overflow_boulevard, hiddenorc1_lemuel,
          ebering_ghost_gozag
D:11:     layout_irregular_city, nzn_ghost_randoct, led_sif_book
D:12:     layout_irregular_city
D:13:     layout_gridville, serial_bayou_ford_a
D:14:     layout_cave_pools, david_vaults_3, hangedman_abyss_or_decor_passed,
          serial_column_ruins, column_ruins_grid_5, column_ruins_square_large,
          column_ruins_corridor_straight, column_ruins_columns_plus,
          column_ruins_open_tiny, column_ruins_open_tiny, column_ruins_grid_1,
          column_ruins_corridor_straight
D:15:     gammafunk_depths_entry_grave, layout_cave_pods
Temple:   nicolae_temple_bog_church
Lair:1:   minmay_lair_oklob_chamber, layout_loops_ring, lemuel_fruit_tree,
          infiniplex_staircase_pool_2, uniq_nergalle, uniq_fannar
Lair:2:   layout_chaotic_city, elwin_shoals_entry_rooms, st_stairs_13
Lair:3:   layout_gridlike, guppyfry_snake_entry_island, uniq_amaemon
Lair:4:   nzn_winding_woodlands_stair_cross [nzn_winding_woodlands_5x15_garden,
          nzn_winding_woodlands_center_garden,
          nzn_winding_woodlands_5x15_sawtooth,
          nzn_winding_woodlands_5x5_checkerboard,
          nzn_winding_woodlands_5x5_cross, nzn_winding_woodlands_5x15_pool,
          nzn_winding_woodlands_center_lodge,
          nzn_winding_woodlands_5x15_longhouse], layout_cave_pods,
          minmay_slime_entry_oklob_enclosed
Lair:5:   gammafunk_lair_ancient_temple, layout_big_grid,
          nzn_masters_of_martial_movement
Shoals:1: layout_shoals, serial_shops, shop, uniq_jorgrun
Shoals:2: nicolae_shoals_deep_elves_summer_vacation, layout_shoals
Shoals:3: layout_shoals, serial_shops, nicolae_diamond_shop
Shoals:4: shoals_end_hangedman, layout_shoals
Snake:1:  layout_misc_corridors, serial_shops, nicolae_shop_waterfront,
          drop_trap, serial_bayou_shore_a
Snake:2:  layout_honeycomb, st_stairs_5, nicolae_fountain_basement, uniq_vashnia
Snake:3:  layout_layer_cave, grunt_megastairs_5
Snake:4:  grunt_snake_rune_serpentine_throne, layout_cave_town, serial_shops,
          nicolae_shop_rolling_square, minmay_shop_grove
Orc:1:    layout_caves, serial_shops, nicolae_shop_peninsula, mines1_david
Orc:2:    st_orc_rangers, layout_diamond_mine, gauntlet_entry_generic
Elf:1:    eino_elf_arrival_sip, layout_geoelf_grid,
          portal_ice_cave_entry_frozen_things, serial_shops, shop,
          hangedman_elven_crosses_minicolossus, nicolae_elf_stone_circles
Elf:2:    nicolae_elf_blades_splatter_lattice
          [nicolae_vaults_blade_armed_guards], layout_geoelf_octagon,
          basic_altar, amcnicky_mini_corridor_feature, item_on_display_a,
          uniq_agnes

Skill      XL: |  1  2  3  4  5  6  7  8  9 10 11 12 13 14 15 16 17 18 |
---------------+-------------------------------------------------------+-----
Fighting       | 4 5 6 8 9 10 12 13 14 16 17 18 19 21 | 21.3
Shields        | 4 5 6 8 9 10 12 13 14 15 16 17 19 | 19.4
Armour         | 4 5 6 7 9 10 12 13 14 15 16 18 | 18.9
Axes           | 3 4 5 6 7 9 10 12 13 14 15 17 18 | 18.7
Invocations    | 3 6 8 10 12 | 12.1
Evocations     | 1 5 7 8 |  8.8

Action                     |  1- 3 |  4- 6 |  7- 9 | 10-12 | 13-15 | 16-18 | 19-21 || total
---------------------------+-------+-------+-------+-------+-------+-------+-------++-------
  Melee: War axe           |    87 |   146 |   183 |   295 |       |       |       ||   711
         Headbutt          |    12 |    20 |    31 |    85 |   248 |   433 |    28 ||   857
         Broad axe         |       |       |       |   157 |  1010 |  1731 |   125 ||  3023
         Trident           |       |       |       |       |     8 |       |       ||     8
  Throw: Dart              |       |       |       |       |       |       |     1 ||     1
 Invoke: Heroism           |       |       |     1 |     6 |     4 |     5 |       ||    16
         Finesse           |       |       |       |     1 |     3 |     5 |       ||     9
         Receive Weapon    |       |       |       |       |     1 |       |       ||     1
         Receive Armour    |       |       |       |       |     1 |       |       ||     1
         Duel              |       |       |       |       |       |     1 |       ||     1
Ability: Evoke Blink       |       |       |       |       |       |     4 |       ||     4
  Evoke: Wand              |       |       |       |       |     1 |     3 |       ||     4
    Use: Potion            |       |     1 |     4 |     5 |     3 |    11 |       ||    24
         Scroll            |       |     5 |    15 |    12 |    11 |    15 |     5 ||    63
   Stab: Distracted        |       |       |       |     3 |       |       |       ||     3
         Petrified         |       |       |       |       |     7 |       |       ||     7
 Armour: Scale mail        |    65 |    48 |       |       |       |       |       ||   113
         Chain mail        |       |    43 |       |       |   836 |  1016 |    62 ||  1957
         Pearl dragon scal |       |     5 |   144 |   435 |    24 |       |       ||   608
  Dodge: Dodged            |    37 |    78 |    73 |   150 |   338 |   323 |    17 ||  1016
  Block: Buckler           |    18 |    42 |    22 |       |       |       |       ||    82
         Kite shield       |       |       |    57 |   265 |   810 |   219 |       ||  1351
         Tower shield      |       |       |       |       |       |  1893 |   131 ||  2024
         Reflection        |       |       |       |       |       |   177 |    34 ||   211
         Form:             |       |       |     1 |       |       |       |       ||     1
         Serpent           |       |       |     1 |       |       |       |       ||     1
